 Dungeon Crawl Stone Soup version 0.19.5 (webtiles) character file.

113 heyabaki the Cudgeler (level 4, -1/50 HPs)
             Began as an Ogre Berserker on May 2, 2017.
             Was a Believer of Trog.
             Slain by Crazy Yiuf
             ... wielding a +2 quarterstaff of chaos
              (8 damage)
             ... on level 2 of the Dungeon on May 3, 2017.
             The game lasted 00:15:23 (2885 turns).

heyabaki the Cudgeler (Ogre Berserker)              Turns: 2885, Time: 00:15:24

Health: -1/50      AC:  3    Str: 23    XL:     4   Next: 96%
Magic:  3/4        EV: 11    Int:  6    God:    Trog [**....]
Gold:   78         SH:  0    Dex:  9    Spells: 0 memorised, 3 levels left

rFire  . . .     SeeInvis .     a - +0 mace
rCold  . . .     Gourm    .     b - +0 animal skin
rNeg   . . .     Faith    .     (no shield)
rPois  .         Spirit   .     (helmet restricted)
rElec  .         Reflect  .     (no cloak)
rCorr  .         Harm     .     (gloves unavailable)
MR     .....                    (boots unavailable)
Stlth  +.........               (no amulet)
                                (no ring)
                                (no ring)

@: no status effects
A: unfitting armour, tough skin 1
a: Berserk, Trog's Hand, Burn Spellbooks, Renounce Religion


You were on level 2 of the Dungeon.
You worshipped Trog.
Trog was pleased with you.
You were very hungry.

You visited 1 branch of the dungeon, and saw 2 of its levels.

You collected 78 gold pieces.

Inventory:

Hand Weapons
 a - a +0 mace (weapon)
Armour
 b - a +0 animal skin (worn)
 w - a +0 leather armour
Scrolls
 d - 2 scrolls of fear {unknown}
 e - 2 scrolls of immolation {unknown}
 g - 3 scrolls of recharging {unknown}
 h - a scroll of teleportation {unknown}
 l - a scroll of remove curse {unknown}
 n - 5 scrolls of identify {unknown}
 r - a scroll of random uselessness {unknown}
 u - a scroll of blinking {unknown}
 v - a scroll of amnesia {unknown}
Potions
 i - 2 potions of mutation {unknown}
 j - a potion of ambrosia {unknown}
 k - 3 potions of curing {unknown}
 m - a potion of haste {unknown}
 o - a potion of resistance {unknown}
 q - a potion of degeneration {unknown}
 s - a potion of heal wounds {unknown}
Comestibles
 c - a bread ration
 f - 2 fruits
 p - a meat ration


   Skills:
 + Level 5.0 Fighting
 + Level 5.7 Maces & Flails
 + Level 3.4 Dodging


You had 3 spell levels left.
You didn't know any spells.

Dungeon Overview and Level Annotations

Branches:
Dungeon (2/15)

Altars:

Annotations:
D:2 Crazy Yiuf


Innate Abilities, Weirdness & Mutations

You are too large for most types of armour.
You have tough skin. (AC +1)


Message History

Crazy Yiuf cries, "Blight song snockshim!"
Crazy Yiuf hits you with a quarterstaff of chaos!
Crazy Yiuf burns you.
You hit Crazy Yiuf.
Crazy Yiuf is severely wounded.
Crazy Yiuf hits you with a quarterstaff of chaos!
* * * LOW HITPOINT WARNING * * *
You feel your power leaking away.
Crazy Yiuf hits you with a quarterstaff of chaos!
* * * LOW HITPOINT WARNING * * *
Crazy Yiuf burns you.
* * * LOW HITPOINT WARNING * * *
Crazy Yiuf says, "Earwax toodlewoodle King!"
Crazy Yiuf laughs, "Liver!
Fluff mumblescurry bag."
There is a stone staircase leading up here.
You see here a dagger.
Crazy Yiuf cries, "Citrus green canine!"
Crazy Yiuf whimpers, "Line!
Fire pizzabubble meccalolo."
Crazy Yiuf hits you with a quarterstaff of chaos!
You die...

#.# #.# ##.........).# #.#
##.## #.#..<.......#
#.######...### ##...........#
#.......>....# #.#.#.....#.#
########...#.####..)........#
##.##.##.....###.#####
#..........## ###
####.##.#.## ##########
#@##.#.#
#........#######g##.#.#
#.###............##.#.# #.#
#.##.##########.#.#### #.#
#.##.# ##.#....##### #.#
#.##.# #...........# #.#
#.##)###### #..####.###.# #.#
#.........# #..## #.# #.#
#.######.####.# ##...###.#
#.#


You could see Crazy Yiuf.

Vanquished Creatures
  A centaur zombie (D:2)
  2 adders (D:2)
  3 worms (D:2)
  A dart slug (D:2)
  A leopard gecko (D:2)
  2 ball pythons (D:2)
  8 bats
  A giant cockroach (D:2)
  8 goblins
  7 hobgoblins
  3 jackals (D:1)
  A frilled lizard (D:1)
  2 kobolds
  6 rats
  2 fungi (D:2)
48 creatures vanquished.

Notes
Turn   | Place    | Note
-------+----------+-------------------------------------------
     0 | D:1      | heyabaki the Ogre Berserker began the quest for the Orb.
     0 | D:1      | Reached XP level 1. HP: 24/24 MP: 1/1
   213 | D:1      | Reached XP level 2. HP: 32/32 MP: 2/2
   956 | D:2      | Reached XP level 3. HP: 38/39 MP: 3/3
  1322 | D:2      | Reached ** piety under Trog
  1505 | D:2      | Reached skill level 5 in Maces & Flails
  2079 | D:2      | Reached XP level 4. HP: 43/49 MP: 4/4
  2469 | D:2      | Reached skill level 5 in Fighting
  2840 | D:2      | Found a runed door.
  2844 | D:2      | Noticed Crazy Yiuf
  2849 | D:2      | HP: 1/50 [Crazy Yiuf/quarterstaff of chaos (4)]
  2885 | D:2      | Slain by Crazy Yiuf

Skill      XL: |  1  2  3  4 |
---------------+-------------+-----
Dodging        | 3 |  3.4
Maces & Flails | 5 |  5.7
Fighting       | 5 |  5.0

Action                   |  1- 3 |  4- 6 || total
-------------------------+-------+-------++-------
Melee: Mace              |   137 |    72 ||   209
 Stab: Distracted        |     1 |       ||     1
  Eat: Chunk             |     2 |     3 ||     5
Armor: Animal skin       |    42 |     6 ||    48
Dodge: Dodged            |    80 |    22 ||   102
